 Dungeon Crawl Stone Soup version 0.32-a0-131-g9dbbe29261 (webtiles) character file.

Game seed: 8866811198608318184

6117 grandjackal the Fighter (level 10, -6/88 HPs)
             Began as a Demonspawn Gladiator on Feb 9, 2024.
             Was an Initiate of Kikubaaqudgha.
             Mangled by a cyan ugly thing (12 damage)
             ... on level 10 of the Dungeon.
             The game lasted 00:11:00 (8991 turns).

grandjackal the Fighter (Demonspawn Gladiator)      Turns: 8991, Time: 00:11:01

Health: -6/88      AC: 14    Str: 18    XL:     10   Next: 58%
Magic:  0/10       EV: 11    Int:  8    God:    Kikubaaqudgha [......]
Gold:   499        SH:  0    Dex: 22    Spells: 9/9 levels left

rFire   + . .        F - +10 hand axe of Hubris {freeze, Will- Dex+6}
rCold   + . .        (no shield)
rNeg    + . .        a - +1 scale mail {rPois}
rPois   +            (helmet restricted)
rElec   .            J - +0 cloak
rCorr   .            E - +0 pair of gloves
SInv    .            G - +0 pair of boots
Will    .....        (no amulet) Stlth
                     A - ring of positive energy
HPRegen 0.34/turn    L - ring of protection from fire
MPRegen 0.24/turn

%: guardian spirit
@: no status effects
A: antennae 1, icy blue scales 3, magic shield, magic regeneration, demonic
magic 2
a: Renounce Religion


You were on level 10 of the Dungeon.
You worshipped Kikubaaqudgha.
Kikubaaqudgha was noncommittal.
You visited 2 branches of the dungeon, and saw 11 of its levels.

You collected 499 gold pieces.

Inventory:

Hand Weapons
 o - a +0 morningstar of protection
 y - the +5 war axe "Wakhloaz" {flame, SInv}
   (You found it on level 3 of the Dungeon)

   SInv:      It lets you see invisible.
 F - the +10 hand axe of Hubris (weapon) {freeze, Will- Dex+6}
   (You found it on level 4 of the Dungeon)

   Dex+6:     It affects your dexterity (+6).
   Will-:     It decreases your willpower.
Missiles
 d - 5 throwing nets
 e - 4 javelins
 f - a silver javelin
 q - 12 boomerangs
 C - 10 poisoned darts (quivered)
 N - a curare-tipped dart
Armour
 a - a +1 scale mail of poison resistance (worn)
 c - a +0 helmet
 E - a +0 pair of gloves (worn)
 G - a +0 pair of boots (worn)
 J - a +0 cloak (worn)
 M - a +2 chain mail of fire resistance
Jewellery
 A - a ring of positive energy (left hand)
 D - a ring of fire
 L - a ring of protection from fire (right hand)
Wands
 B - a wand of polymorph (14)
 I - a wand of flame (15)
 K - a wand of roots (16)
Scrolls
 g - 3 scrolls of fear {unknown}
 i - 3 scrolls of revelation {unknown}
 j - 3 scrolls of teleportation {unknown}
 l - a scroll of brand weapon {unknown}
 m - 3 scrolls of vulnerability {unknown}
 n - a scroll of butterflies {unknown}
 r - a scroll of fog {unknown}
 u - 4 scrolls of noise {unknown}
 O - 3 scrolls of amnesia {unknown}
 P - a scroll of identify
 Q - a scroll of blinking {unknown}
 R - a scroll of immolation {unknown}
Potions
 b - a potion of lignification {unknown}
 h - 4 potions of might
 k - a potion of berserk rage {unknown}
 p - a potion of haste {unknown}
 s - a potion of ambrosia
 t - a potion of magic
 v - 2 potions of heal wounds
 w - 3 potions of brilliance {unknown}
 x - 2 potions of curing {unknown}
 z - 2 potions of enlightenment {unknown}
 H - 3 potions of mutation {unknown}


   Skills:
 + Level 11.3 Fighting
 - Level 3.5 Long Blades
 + Level 9.8 Axes
 - Level 2.0 Throwing
 - Level 3.0 Dodging
 + Level 3.0 Necromancy


You had 9 spell levels left.
You didn't know any spells.
Your spell library contained the following spells:

 Spells                   Type           Power      Damage    Failure   Level
 Sandblast                Erth           0%         2d4       83%         1
 Blink                    Tloc           0%         N/A       92%         2
 Lesser Beckoning         Tloc           0%         N/A       92%         2
 Momentum Strike          Conj/Tloc      0%         3d8       92%         2
 Gell's Gravitas          Tloc           0%         N/A       99%         3
 Passwall                 Erth           0%         N/A       99%         3
 Stone Arrow              Conj/Erth      0%         3d7       99%         3
 Summon Ice Beast         Ice/Summ       0%         N/A       99%         3
 Teleport Other           Tloc           0%         N/A       99%         3
 Tukima's Dance           Hex            0%         N/A       99%         3
 Brom's Barrelling Bould  Conj/Erth      0%         2d3       100%        4
 Passage of Golubria      Tloc           0%         N/A       100%        4
 Summon Mana Viper        Hex/Summ       0%         N/A       100%        5
 Yara's Violent Unravell  Hex/Alch       0%         3d3       100%        5
 Dispersal                Tloc           0%         N/A       100%        6
 Monstrous Menagerie      Summ           0%         N/A       100%        7


Dungeon Overview and Level Annotations

Branches:
Dungeon (10/15)            Temple (1/1) D:5            Lair (0/5) D:8
    Orc: D:9-12

Altars:
Ashenzari
Cheibriados
Dithmenos
Fedhas
Gozag
Hepliaklqana
Kikubaaqudgha
Makhleb
Nemelex Xobeh
Okawaru
Qazlal
Sif Muna
Trog
Uskayaw
Vehumet
Wu Jian
Xom
Yredelemnul

Shops:
D:5 [   D:8 (   D:9 (


Innate Abilities, Weirdness & Mutations

You have a pair of small antennae on your head.
You are completely covered in icy blue scales. (AC +4, rC+)
When hurt, damage is shared between your health and your magic reserves.
You regenerate magic rapidly.
Spells you cast may paralyse nearby enemies.


Message History

You closely miss the ice beast. Your punch misses the ice beast.
The ice beast is moderately wounded.
You barely miss the cyan ugly thing. The cyan ugly thing trunk-slaps you.
The cyan ugly thing shocks you! The ice beast closely misses you.
Unknown command.
You hit the ice beast.
The ice beast is heavily wounded.
You hit the cyan ugly thing. You freeze the cyan ugly thing.
The cyan ugly thing trunk-slaps you. The cyan ugly thing shocks you!
You are too injured to fight recklessly!
Unknown command.
You are too injured to fight recklessly!
You slash the cyan ugly thing! You freeze the cyan ugly thing.
The cyan ugly thing is moderately wounded.
You barely miss the ice beast. The ice beast closely misses you.
The cyan ugly thing trunk-slaps you but does no damage.
You slash the cyan ugly thing! You freeze the cyan ugly thing.
The cyan ugly thing is heavily wounded.
You hit the ice beast but do no damage. The ice beast barely misses you.
The cyan ugly thing trunk-slaps you but does no damage.
You slash the cyan ugly thing! You freeze the cyan ugly thing.
You punch the cyan ugly thing, but do no damage.
The cyan ugly thing is severely wounded.
You slash the ice beast!
The ice beast hits you but does no damage.
You hit the cyan ugly thing. You freeze the cyan ugly thing.
The cyan ugly thing is severely wounded.
You slash the ice beast!
You kill the ice beast!
Kikubaaqudgha accepts your kill. The cyan ugly thing trunk-slaps you!
The cyan ugly thing shocks you!
* * * LOW HITPOINT WARNING * * *
Your Necromancy skill increases to level 3!
You closely miss the cyan ugly thing.
The cyan ugly thing is severely wounded.
The cyan ugly thing trunk-slaps you!
* * * LOW HITPOINT WARNING * * *
The cyan ugly thing shocks you!
You die...
Kikubaaqudgha rasps: You have failed me!
Welcome... death!

### ...##
#.#.
...########
#........#
#.u†.....#
#..@.....#
#$.).....#
#........#
#........#
#........#
#........#
#........#
#........#
#.....<..+


You could see a cyan ugly thing.

Vanquished Creatures
  A two-headed ogre (D:9)
  Pikel (D:7)
  Joseph (D:7)
  2 unseen horror zombies (D:9)
  A shadow (D:5)
  A steam dragon (D:6)
  2 water moccasins
  2 sky beasts
  An orc warrior (D:9)
  2 black bears
  3 ice beasts
  An ogre (D:7)
  A centaur (D:7)
  A wolf (D:10)
  A phantom (D:5)
  2 kobold brigands
  4 bullfrogs
  23 wights
  A howler monkey (D:6)
  3 bombardier beetles
  A centaur zombie (D:9)
  2 gnoll boudas
  3 jellies
  Crazy Yiuf (D:4)
  5 orc priests
  A hound (D:4)
  A sleepcap (D:4)
  2 iguanas
  6 orc wizards
  A human simulacrum (D:9)
  15 gnolls
  9 adders
  2 howler monkey zombies (D:9)
  2 dart slugs
  33 orcs
  3 ball pythons
  7 bats
  4 endoplasms
  7 giant cockroaches
  14 goblins
  10 hobgoblins
  4 jackals (D:1)
  5 quokkas
  3 training dummies (D:8)
  15 kobolds
  7 rats
217 creatures vanquished.

Vanquished Creatures (others)
  A human simulacrum (D:9)
1 creature vanquished.

Grand Total: 218 creatures vanquished

Notes
Turn   | Place    | Note
-------+----------+-------------------------------------------
     0 | D:1      | grandjackal the Demonspawn Gladiator began the quest for
                  | the Orb.
     0 | D:1      | Reached XP level 1. HP: 16/16 MP: 1/1
   240 | D:1      | Gained mutation: You are partially covered in icy blue
                  | scales. (AC +2) [demonic ancestry]
   240 | D:1      | Reached XP level 2. HP: 22/22 MP: 2/2
   968 | D:2      | Gained mutation: You are mostly covered in icy blue scales.
                  | (AC +3) [demonic ancestry]
   968 | D:2      | Reached XP level 3. HP: 28/28 MP: 3/3
  1192 | D:2      | Reached skill level 3 in Fighting
  1567 | D:3      | Gained mutation: Spells you cast may paralyse adjacent
                  | enemies. [demonic ancestry]
  1567 | D:3      | Reached XP level 4. HP: 35/35 MP: 4/4
  2025 | D:3      | Found a shimmering blue altar of Sif Muna.
  2033 | D:3      | Identified the +5 war axe "Wakhloaz" {flame, SInv}
  2326 | D:4      | Reached skill level 1 in Axes
  2484 | D:4      | Gained mutation: You have a pair of small antennae on your
                  | head. [demonic ancestry]
  2484 | D:4      | Reached XP level 5. HP: 39/42 MP: 5/5
  2568 | D:4      | Reached skill level 4 in Fighting
  2778 | D:4      | Identified the +10 hand axe of Hubris {freeze, Will- Dex+6}
  3024 | D:4      | Found a runed translucent door.
  3025 | D:4      | Noticed Crazy Yiuf
  3483 | D:4      | Killed Crazy Yiuf
  3484 | D:4      | Reached XP level 6. HP: 42/49 MP: 6/6
  3587 | D:5      | Entered Level 5 of the Dungeon
  3641 | D:5      | Noticed an ice beast
  3652 | D:5      | Killed an ice beast
  3665 | D:5      | Noticed a water moccasin
  3746 | D:5      | Found Huoruh's Armour Boutique.
  3750 | D:5      | Reached skill level 5 in Fighting
  3796 | D:5      | Gained mutation: Spells you cast may paralyse nearby
                  | enemies. [demonic ancestry]
  3796 | D:5      | Reached XP level 7. HP: 56/56 MP: 7/7
  3812 | D:5      | Found a staircase to the Ecumenical Temple.
  3997 | D:5      | Reached skill level 6 in Fighting
  4022 | D:5      | Noticed a shadow
  4035 | D:5      | Killed a shadow
  4269 | D:5      | Reached skill level 5 in Axes
  4612 | Temple   | Entered the Ecumenical Temple
  4776 | D:6      | Gained mutation: You regenerate magic rapidly. [demonic
                  | ancestry]
  4776 | D:6      | Reached XP level 8. HP: 65/65 MP: 8/8
  4872 | D:6      | Reached skill level 7 in Fighting
  5301 | D:6      | Reached skill level 8 in Fighting
  5713 | D:6      | Identified the +8 short sword of Tension {freeze, *Slow rF+
                  | Int+5}
  5824 | D:7      | Gained mutation: You are completely covered in icy blue
                  | scales. (AC +4, rC+) [demonic ancestry]
  5824 | D:7      | Reached XP level 9. HP: 66/75 MP: 9/9
  5826 | D:7      | Noticed Joseph
  5905 | D:7      | Killed Joseph
  5911 | D:7      | Reached skill level 9 in Fighting
  6170 | D:7      | Noticed Pikel
  6182 | D:7      | Killed Pikel
  6433 | D:7      | Reached skill level 10 in Fighting
  6950 | D:8      | Found Tiseif's Firing Range.
  7257 | D:8      | Found a staircase to the Lair.
  7619 | D:9      | Gained mutation: When hurt, damage is shared between your
                  | health and your magic reserves. [demonic ancestry]
  7619 | D:9      | Reached XP level 10. HP: 86/86 MP: 10/10
  7763 | D:9      | Found a shadowy altar of Dithmenos.
  7793 | D:9      | Found a sparkling altar of Nemelex Xobeh.
  7829 | D:9      | Found Qoirghor's Weapon Shoppe.
  8147 | D:9      | Found an ancient bone altar of Kikubaaqudgha.
  8153 | D:9      | Became a worshipper of Kikubaaqudgha
  8446 | D:9      | Noticed a two-headed ogre
  8456 | D:9      | Killed a two-headed ogre
  8457 | D:9      | Reached skill level 11 in Fighting
  8457 | D:9      | Reached skill level 1 in Necromancy
  8812 | D:9      | Found a blossoming altar of Fedhas.
  8966 | D:10     | Entered Level 10 of the Dungeon
  8979 | D:10     | Noticed a cyan ugly thing
  8991 | D:10     | Mangled by a cyan ugly thing

Illustrated notes

Levels and vault maps discovered:
D:1:      lemuel_arrival_cross, layout_basic
D:2:      layout_basic, chequers_serial_rivers_large_b, kennysheep_another_room
D:3:      layout_loops_corners, lemuel_round_altar, minmay_hedge_maze
D:4:      layout_loops_ring, uniq_crazy_yiuf_cottage
D:5:      layout_basic, minmay_temple_entry_poolview, serial_shops,
          nicolae_square_shop
D:6:      corexii_shantytown, layout_rooms
D:7:      layout_basic, uniq_joseph, uniq_pikel
D:8:      layout_gridville, lair_entry_dummy, nicolae_shop_firing_range
D:9:      layout_basic, mainiacjoe_overflow_two_lobes, fedhas_altar_4,
          kiku_gazebo_pond_becter, serial_undead, serial_undead_a,
          serial_undead_a, serial_undead_c, serial_undead_a, serial_shops, shop,
          minmay_misc_feat_more_columns, bh_circular_ruins
D:10:     layout_basic, nicolae_ru_path_of_blood, orc_0_dummy, serial_ice,
          serial_ice_b, serial_ice_n, serial_ice_e, serial_ice_h, serial_ice_l,
          enter_bailey_3, uniq_sonja
Temple:   minmay_temple_bridge_d

Skill      XL: |  1  2  3  4  5  6  7  8  9 10 |
---------------+-------------------------------+-----
Throwing       | 2 |  2.0
Long Blades    | 3 |  3.5
Dodging        | 3 |  3.0
Fighting       | 3 4 5 6 8 10 11 | 11.3
Axes           | 1 2 3 5 7 8 9 |  9.8
Necromancy     | 3 |  3.0

Action                     |  1- 3 |  4- 6 |  7- 9 | 10-12 || total
---------------------------+-------+-------+-------+-------++-------
  Melee: Long sword        |   114 |    37 |       |       ||   151
         Punch             |     4 |     8 |    11 |     5 ||    28
         War axe           |       |    42 |    33 |    46 ||   121
         Hand axe          |       |    30 |   194 |    48 ||   272
  Throw: Dart              |       |       |       |     3 ||     3
    Use: Scroll            |       |       |     4 |       ||     4
 Armour: Leather armour    |    25 |       |       |       ||    25
         Scale mail        |    62 |    63 |   157 |    84 ||   366
  Dodge: Dodged            |    97 |    57 |   110 |    38 ||   302

Table legend: (Time is in decaauts)
 A = Elapsed time spent in this place.
 B = Non-inter-level travel time spent in this place.
 C = Inter-level travel time spent in this place.
 D = Time resting spent in this place.
 E = Time spent auto-exploring this place.
 F = Levels seen in this place.
 G = Mean time per level.
                   A        B        C        D        E       F      G
               +--------+--------+--------+--------+--------+-----+--------+
         Total |   9081 |   8647 |    434 |   1189 |   5844 |  11 |  825.5 |
       Dungeon |   8938 |   8574 |    364 |   1189 |   5844 |  10 |  893.8 |
        Temple |    142 |     73 |     69 |      0 |      0 |   1 |  142.0 |
               +--------+--------+--------+--------+--------+-----+--------+

Top non-repeatable levels by time:
     D:9: 1347 daAuts
     D:4: 1282 daAuts
     D:5: 1114 daAuts
     D:6: 1011 daAuts
     D:7: 992 daAuts
     D:1: 888 daAuts
     D:3: 876 daAuts
     D:8: 764 daAuts
     D:2: 639 daAuts
  Temple: 142 daAuts
    D:10: 21 daAuts
